Unix NetHack Version 5.0.0-0 post-release - last build May 30 2026 05:04:26 (55804bc15828dd6e32e9076e0726aa6fccb6e981,branch:main).

Game began 2026-05-23 05:19:04, ended 2026-05-31 05:40:02.

Galadhan1, chaotic male elven Wizard

                                                               -----
                                                              #-...|
                                                              #|...|
                                                            ###....|
                                                          #@)# |...|
                                                          %  # |...|
                                                         ###[# --.--
                                                          #      #
                                                         ##      #
                                                                 #
                                                                 #
                                                                 #
                                                                 ###
                                                                   #
                                                               ----.----
                                                               |.......|
                                                               |.......|
                                                               |<..(...|
                                                               ---------

Galadhan1 the Magician    St:17 Dx:6 Co:14 In:20 Wi:18 Ch:10  Chaotic
Dlvl:12 $:2758 HP:0(72) Pw:116(136) AC:-2 Xp:11 T:24306  Satiated

Latest messages:
 You destroy the kobold mummy!
 You see here a mummy wrapping.
 A stone giant suddenly appears close by!
 A stone giant suddenly appears close by!
 Your legs get new energy.
 The stone giant wields a two-handed sword!
 The magic-absorbing blade stuns the stone giant!
 You hit the gnome queen!
 The gnome queen hits!
 You hit the gnome queen!
 The magic-absorbing blade probes the gnome queen!
 The magic-absorbing blade scares the gnome queen!
 The gnome queen is confused.
 You kill the gnome queen!
 You see here a potion of extra healing.
 B - a potion of extra healing.
 The magic-absorbing blade cancels the stone giant!
 The magic-absorbing blade scares the stone giant!
 The stone giant turns to flee.
 You kill the stone giant!
 The magic-absorbing blade scares the stone giant!
 The stone giant turns to flee.
 The stone giant is confused.
 The magic-absorbing blade scares the stone giant!
 The stone giant is confused.
 The magic-absorbing blade scares the stone giant!
 You kill the stone giant!
 There is a stone giant corpse here; eat it? [ynq] (n) y
 This stone giant corpse is fatty.
 You're having a hard time getting all of it down.
 Continue eating? [yn] (n) y
 You're finally finished.
 You feel strong!
 The rothe just misses!
 The rothe misses!
 The rothe bites!
 You hit the rothe!
 You kill the rothe!
 There is a stone giant corpse here; eat it? [ynq] (n) y
 This stone giant corpse tastes terrible!
 You're having a hard time getting all of it down.
 Continue eating? [yn] (n) y
 You choke over your food.
 You die...
 Do you want your possessions identified? [ynq] (y) y
 Do you want to see your attributes? [ynq] (y) y
 Do you want an account of creatures vanquished? [ynaq] (y) n
 Do you want a list of species genocided? [ynaq] (y) y
 Do you want to see your conduct and achievements? [ynq] (y) y
 Do you want to see the dungeon overview? [ynq] (y) y

Inventory:
 Coins    ('$')
  $ - 2758 gold pieces
 Weapons  (')')
  l - the rustproof +2 Magicbane (weapon in right hand)
 Armor    ('[')
  p - an uncursed +1 elven leather helm (being worn)
  J - an uncursed +2 pair of speed boots (being worn)
  b - a blessed +2 cloak of magic resistance (being worn)
  r - an uncursed +0 studded leather armor (being worn)
 Comestibles  ('%')
  C - an uncursed lizard corpse
 Scrolls  ('?')
  i - an uncursed scroll of charging
  Y - an uncursed scroll of confuse monster
  O - an uncursed scroll of identify
  S - an uncursed scroll of teleportation
  a - a cursed scroll of teleportation
 Potions  ('!')
  U - a blessed potion of extra healing
  B - an uncursed potion of extra healing
  v - an uncursed potion of gain energy
  j - a blessed potion of healing
 Rings    ('=')
  w - a cursed ring of fire resistance
  x - a blessed +1 ring of protection named B/U (on left hand)
  d - an uncursed ring of protection from shape changers
  e - an uncursed ring of slow digestion (on right hand)
  R - an uncursed ring of warning
 Wands    ('/')
  s - a wand of sleep (0:5)
  f - a wand of striking (0:5)
 Tools    ('(')
  z - a blessed bag of holding containing 48 items
  Q - an empty uncursed bag of holding
  n - an uncursed lock pick
  A - a blessed oil lamp
  Z - an uncursed skeleton key
  t - an uncursed towel
  m - a +0 unicorn horn
 Gems/Stones  ('*')
  V - an uncursed citrine stone
  W - 2 uncursed diamonds
  y - 2 uncursed emeralds
  I - an uncursed emerald
  T - an uncursed garnet stone
  g - 2 uncursed jasper stones
  F - an uncursed sapphire
  u - an uncursed turquoise stone
  c - 4 uncursed worthless pieces of black glass
  P - 2 uncursed worthless pieces of blue glass
  G - an uncursed worthless piece of orange glass
  H - an uncursed worthless piece of violet glass
  h - an uncursed luckstone
  k - an uncursed touchstone

Contents of the bag of holding:
  a blessed +2 quarterstaff
  an uncursed +0 pair of speed boots
  an uncursed slime mold
  2 uncursed apples
  an uncursed carrot
  an uncursed cram ration
  3 uncursed food rations
  2 uncursed lembas wafers
  an uncursed lizard corpse
  an uncursed scroll of blank paper
  3 uncursed scrolls of earth
  2 uncursed scrolls of remove curse
  a cursed scroll of remove curse
  an uncursed scroll of scare monster
  a cursed scroll of teleportation
  an uncursed potion of acid
  a blessed potion of gain ability
  2 uncursed potions of hallucination
  6 uncursed potions of healing
  an uncursed potion of invisibility
  an uncursed potion of levitation
  an uncursed potion of restore ability
  an uncursed potion of sleeping
  an uncursed potion of speed
  5 potions of holy water
  2 uncursed potions of water
  a cursed ring of aggravate monster
  an uncursed ring of cold resistance
  a blessed +1 ring of gain constitution
  a wand of locking (0:5)
  a wand of magic missile (0:0)
  a wand of opening (0:0)
  a wand of stasis (0:6)
  a wand of striking (0:2)
  an uncursed wooden flute
  a can of grease (0:7)
  an uncursed credit card
  a +0 grappling hook
  an uncursed leash
  a magic marker (0:0)
  a magic marker (0:0)
  a +0 pick-axe
  6 uncursed tallow candles
  an uncursed tin whistle
  a +0 unicorn horn named B/U
  2 uncursed jet stones
  an uncursed obsidian stone
  an uncursed turquoise stone

Galadhan1 the Wizard's attributes:

Background:
 You were a Magician, a level 11 male elven Wizard.
 You were chaotic, on a mission for Anhur
 who was opposed by Ptah (lawful) and Thoth (neutral).
 You were right-handed.
 You were in the Dungeons of Doom, on level 12.
 You entered the dungeon 24306 turns ago.
 It was nighttime.
 There was a full moon in effect when your adventure ended.
 You had 15875 experience points, 4125 more were needed to attain level 12.

Basics:
 You had 0 out of 72 hit points.
 You had 116 out of 136 energy points (spell power).
 Your armor class was -2.
 Your wallet contained 2758 zorkmids.
 Autopickup was off.

Final Characteristics:
 Your strength was 17 (limit:18).
 Your dexterity was 6 (peak:12, limit:18).
 Your constitution was 14 (limit:16).
 Your intelligence was 20 (limit:20).
 Your wisdom was 18 (limit:20).
 Your charisma was 10 (limit:18).

Final Status:
 You were satiated.
 You were unencumbered.
 You were wielding a dagger.
 You had expert skill with dagger.

Final Attributes:
 You were piously aligned.
 You were magic-protected.
 You were sleep resistant.
 You were telepathic.
 You had infravision.
 You had slower digestion.
 You had a small defense bonus (+1).
 You were guarded.
 You were very fast.
 You were extremely lucky.
 You had extra luck.
 Bad luck did not time out for you.
 Good luck did not time out for you.
 You are dead.

Miscellaneous:
 You didn't encounter any bones levels.
 Total elapsed playing time was 18 hours, 6 minutes and 32 seconds.

Major events:
 Turn
    1: Galadhan1 the chaotic male elven Wizard entered the dungeon
 1080: attained the rank of Conjurer (level 3)
 2228: performed his first genocide (class h)
 2269: read a Discworld novel
 2669: entered the Gnomish Mines
 4094: attained the rank of Thaumaturge (level 6)
 4253: was bestowed with Magicbane by Anhur
 7466: was bestowed with Sting by Anhur
12769: reached Mine Town
14857: attained the rank of Magician (level 10)
15629: entered Sokoban
16899: completed 1st Sokoban level
24306: choked on a stone giant corpse

Spells:
 Name                 Level Category     Fail Retention
 force bolt             1   attack         0%   75%-76%
 jumping                1   escape         0%   71%-80%
 healing                1   healing        0%  76%-100%
 create monster         2   clerical       0%  76%-100%
 confuse monster        1   enchantment    0%   71%-80%
 detect monsters        1   divination     0%  76%-100%
 cure sickness          3   healing       56%   51%-75%
 haste self             3   escape         0%   61%-70%
 clairvoyance           3   divination    56%   51%-75%
 detect unseen          3   divination    56%  76%-100%
 wizard lock            2   matter         0%  76%-100%

Skills:
 Fighting Skills
   bare handed combat [Unskilled]
   riding             [Unskilled]
 Weapon Skills
   dagger             [Expert]
   knife              [Unskilled]
   axe                [Unskilled]
   short sword        [Unskilled]
   club               [Unskilled]
   mace               [Unskilled]
   quarterstaff       [Basic]
   polearms           [Unskilled]
   spear              [Unskilled]
   trident            [Unskilled]
   sling              [Unskilled]
   dart               [Unskilled]
   shuriken           [Unskilled]
 Spellcasting Skills
   attack spells      [Expert]
   healing spells     [Unskilled]
   divination spells  [Unskilled]
   enchantment spells [Basic]
   clerical spells    [Unskilled]
   escape spells      [Basic]
   matter spells      [Unskilled]

Voluntary challenges:
 Character rerolling was not enabled.
 You genocided 7 types of monsters.
 You never polymorphed an object.
 You never changed form.
 You used no wishes.
 You did not violate any of the special Sokoban rules.
Achievements:
 You attained the rank of Conjurer.
 You entered a shop.
 You read from a Discworld novel.
 You entered the Gnomish Mines.
 You attained the rank of Thaumaturge.
 You entered Minetown.
 You entered a temple.
 You attained the rank of Magician.
 You entered Sokoban.

 The Dungeons of Doom: levels 1 to 12
    Level 1:
       A fountain.
    Level 2:
       A fountain.
    Level 3:
       A scroll shop, a fountain, a sink.
       Stairs down to The Gnomish Mines.
    Level 4:
    Level 5:
       An altar to Anhur, a fountain.
    Level 6:
       A sink.
    Level 7:
       Many fountains.
       Oracle of Delphi.
    Level 8:
       A weapon shop, a fountain.
       Stairs up to Sokoban, level 7.
    Level 9:
       A general store, an altar to Anhur.
    Level 10:
    Level 11:
       An altar to Anhur, a fountain.
    Level 12: <- You were here.
       Final resting place for
          you, choked on a stone giant corpse.
 The Gnomish Mines: levels 4 to 12
    Level 4:
    Level 5:
    Level 6:
    Level 7:
       Many shops, a temple and an altar, many fountains.
    Level 8:
    Level 9:
    Level 10:
    Level 11:
    Level 12:
 Sokoban: levels 7 up to 6
    Level 6:
       Unsolved.
    Level 7:
       Solved.


Vanquished creatures:
 an iron golem
  2 large mimics
  2 stalkers
 an earth elemental
  4 wargs
 10 small mimics
  2 warhorses
  a troll
  a wood golem
  a pyrolisk
  2 large dogs
  a freezing sphere
  a flaming sphere
  a large cat
  a tiger
  3 tengu
 an ochre jelly
  a leocrotta
  3 stone giants
  2 elf mummies
  a python
  2 wraiths
  a Grey-elf
  4 soldiers
  5 chameleons
  2 crocodiles
  5 giant beetles
  a cockatrice
  5 wolves
  a winter wolf cub
  a lynx
  a panther
  4 leprechauns
 an orc-captain
  3 iron piercers
  2 mumakil
  3 giant spiders
  2 scorpions
  a horse
 an ice vortex
  3 black lights
  2 vampire bats
  7 gnome rulers
 an orc mummy
 an ogre
  6 owlbears
  4 yetis
  5 werewolves
 11 lizards
  7 chickatrices
  3 dingoes
  4 dogs
  2 jaguars
  4 blue jellies
  5 white unicorns
  a gray unicorn
  2 dust vortices
  5 ravens
  a plains centaur
  a gnome mummy
  2 snakes
  3 water moccasins
 an ape
  8 human zombies
  2 rope golems
  2 soldier ants
 an imp
  a wood nymph
  3 water nymphs
  a mountain nymph
 15 Mordor orcs
 18 Uruk-hai
  3 rock piercers
  3 rock moles
  2 ponies
  a fog cloud
  7 yellow lights
  3 shriekers
  7 violet fungi
 21 gnome leaders
  9 gnomish wizards
  4 kobold mummies
  a guardian naga hatchling
  a gray ooze
  a ghoul
  a straw golem
  5 paper golems
  4 giant ants
  2 little dogs
 11 floating eyes
  a kitten
  2 homunculi
  5 kobold leaders
  2 kobold shamans
 39 hill orcs
 11 rothes
  a rabid rat
  3 centipedes
  3 giant bats
  4 orc zombies
  2 dwarf zombies
  2 wererats
  2 werejackals
  9 iguanas
 14 killer bees
  2 acid blobs
  4 coyotes
  5 gas spores
  a hobbit
  5 manes
  5 large kobolds
  2 hobgoblins
  4 giant rats
  4 cave spiders
  a brown mold
 10 yellow molds
  2 green molds
  a red mold
 70 gnomes
  3 garter snakes
  a gnome zombie
 12 geckos
 19 jackals
  3 foxes
  5 kobolds
  6 goblins
  6 sewer rats
 15 grid bugs
  a bat
  7 lichens
  2 kobold zombies
 18 newts
619 creatures vanquished.

Genocided species:
 master mind flayers
 mind flayers
 dwarf rulers
 dwarf leaders
 bugbears
 dwarves
 hobbits
7 species genocided.

Game over:
                       ----------
                      /          \
                     /    REST    \
                    /      IN      \
                   /     PEACE      \
                  /                  \
                  |    Galadhan1     |
                  |     2758 Au      |
                  |   choked on a    |
                  |   stone giant    |
                  |      corpse      |
                  |                  |
                  |       2026       |
                 *|     *  *  *      | *
        _________)/\\_//(\/(/\)/\//\/|_)_______

Goodbye Galadhan1 the Wizard...

You choked in The Dungeons of Doom on dungeon level 12 with 55955 points,
and 2758 pieces of gold, after 24306 moves.
You were level 11 with a maximum of 72 hit points when you choked.

